 Dungeon Crawl Stone Soup version 0.30.1-9-gdf580d7c3d (webtiles) character file.

Game seed: 7623937528157038733

513 jagang the Trooper (level 7, 0/56 HPs)
             Began as a Barachi Monk on Oct 25, 2023.
             Was a Believer of the Shining One.
             Killed by divine providence
             ... invoked by an orc priest
              (14 damage)
             ... on level 5 of the Dungeon.
             The game lasted 00:08:30 (2845 turns).

jagang the Trooper (Barachi Monk)                   Turns: 2845, Time: 00:08:30

Health: 0/56       AC: 22    Str: 21    XL:     7   Next: 19%
Magic:  7/7        EV:  7    Int:  6    God:    the Shining One [**....]
Gold:   227        SH: 14    Dex: 16    Spells: 6/6 levels left

rFire   . . .        i - +2 mace (protect)
rCold   . . .        t - +1 tower shield
rNeg    + . .        p - +3 chain mail of Guonuts {Str+8 Int-4}
rPois   .            x - +0 helmet
rElec   .            (no cloak)
rCorr   .            q - +0 pair of gloves
SInv    .            (no boots)
Will    .....        (no amulet) Stlth
                     (no ring)
HPRegen 0.29/turn    (no ring)
MPRegen 0.10/turn

%: no passive effects
@: under a protective aura, glowing, slow
A: amphibious, slowness 1, strong legs 1, +LOS
a: Hop, Renounce Religion, Divine Shield


You were on level 5 of the Dungeon.
You worshipped the Shining One.
The Shining One was pleased with you.
You visited 2 branches of the dungeon, and saw 5 of its levels.

You collected 227 gold pieces.

Inventory:

Hand Weapons
 a - a +0 falchion
 i - a +2 mace of protection (weapon)
Missiles
 u - 17 poisoned darts
 A - 2 boomerangs (quivered)
 F - 3 javelins
Armour
 d - an orb of light
 p - the +3 chain mail of Guonuts (worn) {Str+8 Int-4}
   (You found it on level 2 of the Dungeon)

   Str:       It affects your strength (+8).
   Int:       It affects your intelligence (-4).
 q - a +0 pair of gloves (worn)
 t - a +1 tower shield (worn)
 x - a +0 helmet (worn)
Scrolls
 e - 3 scrolls of enchant armour
 g - a scroll of poison
 h - a scroll of immolation {unknown}
 j - 2 scrolls of fog
 k - a scroll of noise {unknown}
 m - a scroll of acquirement {unknown}
 n - 2 scrolls of fear {unknown}
 w - a scroll of magic mapping {unknown}
 y - a scroll of brand weapon {unknown}
 C - a scroll of teleportation {unknown}
 D - a scroll of amnesia {unknown}
 G - 3 scrolls of identify {unknown}
Potions
 b - a potion of curing {unknown}
 f - a potion of berserk rage {unknown}
 l - a potion of invisibility {unknown}
 o - a potion of lignification {unknown}
 r - 2 potions of degeneration {unknown}
 s - a potion of heal wounds {unknown}
 v - a potion of attraction {unknown}
 z - a potion of cancellation {unknown}
 B - a potion of mutation {unknown}
 E - a potion of flight {unknown}


   Skills:
 + Level 5.2 Fighting
 + Level 5.0 Long Blades
 * Level 4.9 Armour
 - Level 3.5 Dodging
 * Level 4.0 Shields


You had 6 spell levels left.
You didn't know any spells.
Your spell library contained the following spells:

 Spells                   Type           Power      Damage    Failure   Level
 Summon Small Mammal      Summ           0%         N/A       100%        1
 Call Canine Familiar     Summ           0%         N/A       100%        3
 Summon Guardian Golem    Hex/Summ       0%         N/A       100%        3


Dungeon Overview and Level Annotations

Branches:
Dungeon (5/15)             Temple (1/1) D:5

Altars:
Ashenzari
Cheibriados
Dithmenos
Elyvilon
Gozag
Makhleb
Nemelex Xobeh
Okawaru
Qazlal
Ru
Sif Muna
Trog
Uskayaw
Vehumet
Wu Jian
Xom
Yredelemnul
Zin
The Shining One

Shops:
D:1 [   D:5 =

Annotations:
Temple 2 transporters


Innate Abilities, Weirdness & Mutations

You are amphibious.
You cover ground slowly.
You can hop short distances.
You have an extended range of vision and can be seen from far away.


Message History

* * * LOW HITPOINT WARNING * * *
You barely miss the orc priest.
The orc priest is heavily wounded.
The orc priest casts a cantrip, but nothing happens.
The orc priest mumbles some strange prayers to Beogh against you.
Pain shoots through your body!
* * * LOW HITPOINT WARNING * * *
You bump into the rock wall.
The orc priest mumbles some strange prayers to Beogh against you.
Pain shoots through your body!
* * * LOW HITPOINT WARNING * * *
You hit the orc priest but do no damage.
Your weapon exudes an aura of protection.
The orc priest is heavily wounded.
You feel less invigorated.
You feel less confused.
The orc priest looks braver for a moment.
You completely miss the orc priest.
The orc priest is heavily wounded.
The orc priest mumbles some strange prayers to Beogh against you.
Beogh smites you!
* * * LOW HITPOINT WARNING * * *
The orc priest looks encouraged for a moment.
You hit the orc priest.
The orc priest is heavily wounded.
You block the orc priest's attack.
The orc priest hits you but does no damage.
You hit the orc priest.
The orc priest is severely wounded.
The orc priest looks braver for a moment.
The orc priest hits you with a +0 flail.
* * * LOW HITPOINT WARNING * * *
You hit the orc priest but do no damage.
The orc priest is severely wounded.
You block the orc priest's attack.
You hit the orc priest.
The orc priest is severely wounded.
The orc priest mumbles some strange prayers to Beogh against you.
Beogh smites you!
You die...

#.# #.# #.# #.# #.#
#$# #o# #o###########
#@#..........
#.#.############
#...............
########.############
#........#
#........###########
+.........>.[.......
#........#.#########
################.#.#


You could see an orc priest and an orc.

Vanquished Creatures
  A phantom (D:5)
  A howler monkey (D:5)
  3 hounds (D:5)
  A jelly (D:5)
  2 orc priests (D:5)
  An iguana (D:5)
  2 orc wizards (D:5)
  Natasha (thrice) (D:3)
  An adder (D:5)
  2 dart slugs
  6 orcs (D:5)
  2 bats
  5 endoplasms
  2 giant cockroaches
  4 goblins
  4 hobgoblins
  7 kobolds
  3 quokkas
  5 ball pythons
  5 frilled lizards
  5 rats
65 creatures vanquished.

Notes
Turn   | Place    | Note
-------+----------+-------------------------------------------
     0 | D:1      | jagang the Barachi Monk began the quest for the Orb.
     0 | D:1      | Reached XP level 1. HP: 18/18 MP: 1/1
     8 | D:1      | Found Xifuoh's Armour Shoppe.
   202 | D:1      | Reached skill level 1 in Armour
   202 | D:1      | Reached XP level 2. HP: 25/25 MP: 2/2
   860 | D:2      | Identified the +3 chain mail of Guonuts {Str+8 Int-4}
  1019 | D:2      | Found an ornate altar of the Wu Jian Council.
  1038 | D:2      | Found a faded altar of an unknown god.
  1243 | D:2      | Reached XP level 3. HP: 28/30 MP: 3/3
  1720 | D:3      | Found an opulent altar of Gozag.
  1826 | D:3      | Noticed Natasha
  1840 | D:3      | Killed Natasha
  1841 | D:3      | Reached skill level 1 in Shields
  1841 | D:3      | Reached XP level 4. HP: 33/37 MP: 4/4
  1864 | D:3      | Noticed Natasha
  1873 | D:3      | Killed Natasha
  1889 | D:3      | Noticed Natasha
  1901 | D:3      | Killed Natasha
  2026 | D:3      | Found a sacrificial altar of Ru.
  2048 | D:3      | Reached XP level 5. HP: 43/43 MP: 5/5
  2146 | D:3      | You fall into a shaft and drop 2 floors!
  2146 | D:5      | Entered Level 5 of the Dungeon
  2296 | D:5      | Found a staircase to the Ecumenical Temple.
  2306 | Temple   | Entered the Ecumenical Temple
  2306 | Temple   | Found a transporter.
  2306 | Temple   | Found a transporter.
  2307 | Temple   | Found a transporter.
  2307 | Temple   | Found a transporter.
  2321 | Temple   | Became a worshipper of the Shining One
  2321 | Temple   | Reached * piety under the Shining One
  2321 | Temple   | Reached ** piety under the Shining One
  2409 | D:5      | Reached XP level 6. HP: 44/49 MP: 6/6
  2490 | D:5      | Found Dunaat's Jewellery Shoppe.
  2602 | D:5      | Reached skill level 5 in Fighting
  2752 | D:5      | Reached skill level 5 in Long Blades
  2752 | D:5      | Reached XP level 7. HP: 50/56 MP: 7/7
  2832 | D:5      | HP: 1/56 [orc priest/divine providence (13)]
  2845 | D:5      | Killed from afar by an orc priest

Illustrated notes

Levels and vault maps discovered:
D:1:      minmay_arrival_stone_box, layout_basic, serial_shops, shop_coins
D:2:      layout_basic, basic_altar, ebering_ecumenical_altar_webs
D:3:      layout_rooms, nicolae_ru_awakened_eye, mainiacjoe_overflow_24_doors,
          uniq_natasha
D:5:      layout_basic, fedhas_altar_decomposition,
          minmay_temple_entry_statues_fountains, serial_shops,
          nicolae_lakefront_shop
Temple:   hellmonk_temple_divided_pantheon

Skill      XL: |  1  2  3  4  5  6  7 |
---------------+----------------------+-----
Armour         | 1 2 3 4 |  4.9
Long Blades    | 4 5 |  5.0
Fighting       | 4 5 |  5.2
Shields        | 1 2 3 4 |  4.0
Dodging        | |  3.5

Action                     |  1- 3 |  4- 6 |  7- 9 || total
---------------------------+-------+-------+-------++-------
  Melee: Falchion          |    17 |       |       ||    17
         Mace              |    60 |   102 |    19 ||   181
  Throw: Boomerang         |       |     2 |       ||     2
    Use: Scroll            |     1 |     2 |       ||     3
         Potion            |       |       |     1 ||     1
 Armour: Robe              |     2 |       |       ||     2
         Chain mail        |    30 |    63 |     8 ||   101
         Leather armour    |     3 |       |       ||     3
  Dodge: Dodged            |    41 |    27 |     2 ||    70
  Block: Tower shield      |    19 |   103 |     8 ||   130
